 Dungeon Crawl Stone Soup version 0.23-a0-641-g0a7f1ce553 (webtiles) character file.

77 HereIgoKillingAgain the Changer (level 4, -3/35 HPs)
             Began as a Draconian Transmuter on Dec 30, 2018.
             Slain by a hobgoblin
             ... wielding a +0 club
              (6 damage)
             ... on level 3 of the Dungeon.
             The game lasted 00:03:38 (2057 turns).

HereIgoKillingAgain the Changer (DrTm)              Turns: 2057, Time: 00:03:38

Health: -3/35      AC:  5    Str: 13    XL:     4   Next: 13%
Magic:  1/7        EV: 12    Int: 14    God:
Gold:   45         SH:  0    Dex:  9    Spells: 4/7 levels left

rFire    . . .     SeeInvis .     - Unarmed
rCold    . . .     Gourm    .   (no shield)
rNeg     . . .     Faith    .   (armour unavailable)
rPois    .         Spirit   .   (helmet restricted)
rElec    .         Reflect  .   (no cloak)
rCorr    .         Harm     .   (no gloves)
MR       .....                  (no boots)
Stlth    +.........             (no amulet)
HPRegen  0.11/turn              f - -2 ring of dexterity (curse)
MPRegen  0.10/turn              (no ring)

@: no status effects
A: unfitting armour, cold-blooded, AC +5
a: no special abilities


You were on level 3 of the Dungeon.
You were near starving.

You visited 1 branch of the dungeon, and saw 3 of its levels.

You collected 45 gold pieces.

Inventory:

Missiles
 a - 10 arrows
Jewellery
 f - a cursed -2 ring of dexterity (left hand)
Scrolls
 e - a scroll of enchant armour
Potions
 g - a potion of brilliance
Comestibles
 b - a chunk of flesh
 c - 4 rations


   Skills:
 - Level 1.1 Fighting
 - Level 1.7 Dodging
 - Level 3.0 Unarmed Combat
 - Level 2.0 Spellcasting
 + Level 4.4 Transmutations


You had 4 spell levels left.
You knew the following spells:

 Your Spells              Type           Power        Failure   Level  Hunger
a - Beastly Appendage     Tmut           ##....       3%          1    ##.....
b - Sticks to Snakes      Tmut           ##......     6%          2    ###....

Your spell library contained the following spells:

 Spells                   Type           Power        Failure   Level  Hunger
 Spider Form              Tmut/Pois      #.........   28%         3    ####...
 Ice Form                 Ice/Tmut       #.......     67%         4    #####..
 Blade Hands              Tmut           ##........   71%         5    ######.


Dungeon Overview and Level Annotations

Branches:
Dungeon (3/15)

Altars:
Makhleb

Portals:
Sewer: D:3

Annotations:
D:2 Terence


Innate Abilities, Weirdness & Mutations

Your plain brown scales are hard. (AC +5)
You cannot fit into any form of body armour.
You are cold-blooded and may be slowed by cold attacks.


Message History

Your ball python dies!
The leopard gecko completely misses you.
The leopard gecko bites you.
* * * LOW HITPOINT WARNING * * *
Your ball python barely misses the leopard gecko.
Your ball python grabs the leopard gecko.
Your ball python constricts the leopard gecko.
The leopard gecko hisses menacingly.
The leopard gecko barely misses your ball python.
The leopard gecko bites you.
* * * LOW HITPOINT WARNING * * *
Casting: Sticks to Snakes (safe; 6% risk of failure)
Confirm with . or Enter, or press ? or * to list all spells.
You create a snake!
You now have 10 arrows.
Your ball python bites the leopard gecko.
Your ball python constricts the leopard gecko.
The leopard gecko bites your ball python.
Your ball python dies!
The hobgoblin hits you with a +0 club.
You die...

.............................
####..g........#...........
≈≈≈≈≈..slg.†.....#.#.#...#..#
∩≈≈≈≈..#####lg##.#.#.##..#..#
≈≈≈≈≈.# #ssg.............#
###### #go##.#.#.###>#..#
#.g##.#.#.# #.#..#
#lg##.#.#.# #.#... #@l##.#
......# #..# ......# S..#
##)#. # ..... .. .. . ##
###.... #. # .# # ..
......... .. # .. #..##.#..
...... .##........ .....
.........#####....


You could see 3 gnolls, an orc, 3 leopard geckos, 2 giant cockroaches, a
hobgoblin, a goblin and a friendly ball python.

Vanquished Creatures
  An ooze (D:1)
  A ball python (D:2)
  4 bats
  3 giant cockroaches
  4 goblins
  4 hobgoblins (D:1)
  6 jackals
  4 frilled lizards
  6 kobolds (D:1)
  7 rats
40 creatures vanquished.

Vanquished Creatures (collateral kills)
  2 adders (D:3)
  2 worms (D:2)
  A leopard gecko (D:2)
  A giant cockroach (D:2)
  3 goblins
  A hobgoblin (D:2)
  5 jackals
  A kobold (D:3)
  A bat (D:1)
  2 frilled lizards
  A rat (D:3)
20 creatures vanquished.

Grand Total: 60 creatures vanquished

Notes
Turn   | Place    | Note
-------+----------+-------------------------------------------
     0 | D:1      | HereIgoKillingAgain the Draconian Transmuter began the
                  | quest for the Orb.
     0 | D:1      | Reached XP level 1. HP: 16/16 MP: 3/3
   536 | D:1      | Reached XP level 2. HP: 13/23 MP: 3/5
   576 | D:1      | Reached skill level 3 in Transmutations
   591 | D:1      | Learned a level 2 spell: Sticks to Snakes
   935 | D:1      | Reached XP level 3. HP: 27/28 MP: 1/6
  1383 | D:2      | Found a burning altar of Makhleb.
  1624 | D:2      | Reached skill level 4 in Transmutations
  1707 | D:2      | Noticed Terence
  1895 | D:3      | Reached XP level 4. HP: 22/35 MP: 1/7
  2039 | D:3      | Found a glowing drain.
  2057 | D:3      | Slain by a hobgoblin

Vault maps used:
D:1:      dpeg_arrival_rooms_a
D:2:      lemuel_crystal_altar, corner_web_ring, uniq_terence
D:3:      portal_sewer_entry_f, minmay_checkerbox

Skill      XL: |  1  2  3 |
---------------+----------+-----
Transmutations | 3 4 |  4.4
Fighting       | |  1.1
Dodging        | |  1.7
Unarmed Combat | |  3.0
Spellcasting   | |  2.0

Action                   |  1- 3 |  4- 6 || total
-------------------------+-------+-------++-------
Melee: Unarmed           |   133 |     5 ||   138
       Tailslap          |    11 |       ||    11
       Headbutt          |     1 |       ||     1
       Punch             |     2 |       ||     2
 Cast: Beastly Appendage |     5 |       ||     5
       Sticks to Snakes  |    25 |     4 ||    29
  Use: Scroll            |     3 |     1 ||     4
       Potion            |     1 |       ||     1
 Stab: Distracted        |     2 |       ||     2
       Sleeping          |     1 |       ||     1
  Eat: Chunk             |     4 |       ||     4
Armor: Skin              |    64 |    17 ||    81
Dodge: Dodged            |   130 |    30 ||   160

Table legend:
 A = Non-vault XP
 B = Vault XP
 C = Vault XP percentage of total XP
 D = Non-vault monster count
 E = Vault monster count
 F = Vault count percentage of total count
                 A         B        C        D         E       F
            +---------+---------+-------+---------+---------+-------
      Total |     106 |       4 |   3.6 |      56 |       4 |   6.7
            +---------+---------+-------+---------+---------+-------
        D:1 |      52 |       0 |   0.0 |      31 |       0 |   0.0
        D:2 |      31 |       0 |   0.0 |      16 |       0 |   0.0
        D:3 |      23 |       4 |  14.8 |       9 |       4 |  30.8
            +---------+---------+-------+---------+---------+-------
